 Dungeon Crawl Stone Soup version 0.32-a0-876-gcfddb08e57 (webtiles) character file.

Game seed: 17660938819059265975

154 pokedragonboy the Charlatan (level 5, 0/41 HPs)
             Began as a Coglin Artificer on Apr 2, 2024.
             Slain by Crazy Yiuf
             ... wielding a +3 quarterstaff of chaos
              (5 damage)
             ... on level 3 of the Dungeon.
             The game lasted 00:05:04 (2464 turns).

pokedragonboy the Charlatan (Coglin Artificer)      Turns: 2464, Time: 00:05:05

Health: 0/41       AC: 10    Str: 14    XL:     5   Next: 36%
Magic:  5/5        EV:  6    Int: 11    God:
Gold:   234        SH:  0    Dex: 14    Spells: 4/4 levels left

rFire   . . .        a - +0 club {Juwon}
rCold   . . .        i - +0 hand axe (venom) {Yuina}
rNeg    . . .        t - +0 chain mail
rPois   .            s - +0 helmet
rElec   .            (no cloak)
rCorr   .            (no gloves)
SInv    .            (no boots)
Will    .....        (amulet unavailable) Stlth
                     (ring unavailable)
HPRegen 0.26/turn    (ring unavailable)
MPRegen 0.09/turn    (no gizmo)

%: no passive effects
@: revving
A: off-hand wielding, slow wielding, warmup strikes, no jewellery
a: Invent Gizmo


You were on level 3 of the Dungeon.
You visited 1 branch of the dungeon, and saw 3 of its levels.

You collected 234 gold pieces.

Inventory:

Hand Weapons
 a - a +0 club (weapon) {Juwon}
 f - a +0 dagger {Preben}
 i - a +0 hand axe of venom (offhand) {Yuina}
Armour
 b - a +0 plate armour
 s - a +0 helmet (worn)
 t - a +0 chain mail (worn)
Talismans
 q - a serpent talisman
Wands
 c - a wand of flame (32) (quivered)
 d - a wand of charming (15)
 e - a wand of iceblast (4)
 u - a wand of digging (1)
Scrolls
 g - 2 scrolls of noise {unknown}
 j - a scroll of poison {unknown}
 l - a scroll of immolation {unknown}
 n - 2 scrolls of identify {unknown}
 o - 2 scrolls of enchant armour {unknown}
 p - 2 scrolls of teleportation {unknown}
 r - a scroll of fog {unknown}
Potions
 h - a potion of mutation {unknown}
 k - a potion of haste {unknown}


   Skills:
 * Level 3.1 Fighting
 * Level 2.6 Axes
 + Level 2.5 Armour
 - Level 0.8 Dodging
 - Level 0.7 Stealth
 + Level 4.6 Evocations


You had 4 spell levels left.
You didn't know any spells.
Your spell library was empty.

Dungeon Overview and Level Annotations

Branches:
Dungeon (3/15)

Altars:
Gozag
Trog
Xom
Zin

Shops:
D:1 (

Annotations:
D:3 Crazy Yiuf


Innate Abilities, Weirdness & Mutations

You can wield a second weapon in your off-hand.
It takes a long time for you to wield or remove held weapons.
Your first few attacks do less damage.
You cannot equip rings or amulets.


Message History

The puff of flame hits Crazy Yiuf.
Crazy Yiuf is lightly wounded.
You feel very sick.
Crazy Yiuf zaps a wand.
The puff of flame misses you.
Aiming: Throw Flame
Press: ? - help, Q - select action, (/) - cycle Shift-Dir - straight line, f/p - Crazy Yiuf
Aim: Crazy Yiuf, wielding a +3 quarterstaff of chaos, wearing a +0 cloak and carrying a wand of flame (lightly wounded, 77% to hit)
The puff of flame hits Crazy Yiuf!
Crazy Yiuf is heavily wounded.
You feel very sick.
Crazy Yiuf hits you with a +3 quarterstaff of chaos!
You are confused.
Unknown command.
You bump into the rock wall.
You feel sick.
Crazy Yiuf zaps a wand.
The puff of flame hits you but does no damage.
Unknown command.
You hit Crazy Yiuf with your +0 club.
Crazy Yiuf is heavily wounded.
You miss Crazy Yiuf with your +0 hand axe of venom.
You feel sick.
Crazy Yiuf cries, "Flower blue Hive!"
Crazy Yiuf hits you with a +3 quarterstaff of chaos!
* * * LOW HITPOINT WARNING * * *
You are lethally poisoned!
It was a potion of curing.
You feel better.
Crazy Yiuf hits you with a +3 quarterstaff of chaos!
* * * LOW HITPOINT WARNING * * *
You are lethally poisoned!
You feel better.
Crazy Yiuf zaps a wand.
The puff of flame hits you!
* * * LOW HITPOINT WARNING * * *
Okay, then.
You hit Crazy Yiuf with your +0 club.
Crazy Yiuf is severely wounded.
You hit Crazy Yiuf but do no damage.
Crazy Yiuf is poisoned.
Crazy Yiuf barely misses you.
You closely miss Crazy Yiuf with your +0 club.
Crazy Yiuf is severely wounded.
You barely miss Crazy Yiuf with your +0 hand axe of venom.
Crazy Yiuf hits you with a +3 quarterstaff of chaos.
You die...

#'## #.# #.......# #.#
#.# ##......# #.# #.#
####.### #.####### ###
### ........# ##
....##### #########.
...## ###### ###
#.........
#.#####..#.# ###..)#
#########.
#.###......#####@g...#
##
......#......#..##...#
# #.######.#..#.###
### #.#############
#.......# #.#######
#.# #.# #.#######


You could see Crazy Yiuf (very poisoned).

Vanquished Creatures
  Natasha (thrice) (D:2)
  2 adders (D:3)
  A ribbon worm (D:3)
  A dart slug (D:2)
  3 ball pythons
  4 endoplasms
  4 giant cockroaches
  2 goblins
  3 hobgoblins
  8 jackals
  5 kobolds
  4 quokkas
  5 bats
  5 frilled lizards
  7 rats
57 creatures vanquished.

Vanquished Creatures (others)
  An arcanist (D:3)
1 creature vanquished.

Grand Total: 58 creatures vanquished

Notes
Turn   | Place    | Note
-------+----------+-------------------------------------------
     0 | D:1      | pokedragonboy the Coglin Artificer began the quest for the
                  | Orb.
     0 | D:1      | Reached XP level 1. HP: 15/15 MP: 1/1
   258 | D:1      | Reached XP level 2. HP: 18/21 MP: 2/2
   311 | D:1      | Found Othiroipp's Weapon Shop.
   436 | D:1      | Reached skill level 1 in Axes
   550 | D:1      | Reached XP level 3. HP: 27/27 MP: 3/3
  1080 | D:2      | Found a shimmering altar of Xom.
  1082 | D:2      | Noticed Natasha
  1089 | D:2      | Killed Natasha
  1090 | D:2      | Reached XP level 4. HP: 31/34 MP: 4/4
  1163 | D:2      | Noticed Natasha
  1176 | D:2      | Killed Natasha
  1273 | D:2      | Noticed Natasha
  1275 | D:2      | Killed Natasha
  1276 | D:2      | Reached XP level 5. HP: 40/40 MP: 5/5
  1957 | D:3      | Found a glowing silver altar of Zin.
  1995 | D:3      | Found an opulent altar of Gozag.
  2035 | D:3      | Found a runed translucent door.
  2036 | D:3      | Noticed Crazy Yiuf
  2306 | D:3      | Found a bloodstained altar of Trog.
  2310 | D:3      | Noticed a wizard
  2316 | D:3      | Killed a wizard
  2464 | D:3      | Slain by Crazy Yiuf

Illustrated notes

Levels and vault maps discovered:
D:1:      tarquinn_simple_flora_water_d, layout_basic, serial_shops,
          nicolae_shop_rolling_square, dk_noncrumbling_4
D:2:      layout_rooms, basic_altar, kennysheep_generic_room_16, uniq_natasha
D:3:      layout_loops_corners, pdpol_temple_overflow_zin_treasury_gozag_greed,
          trog_wizard, uniq_crazy_yiuf_cottage

Skill      XL: |  1  2  3  4  5 |
---------------+----------------+-----
Axes           | 1 2 |  2.6
Armour         | 2 |  2.5
Fighting       | 2 3 |  3.1
Dodging        | |  0.8
Stealth        | |  0.7
Evocations     | |  4.6

Action                     |  1- 3 |  4- 6 || total
---------------------------+-------+-------++-------
  Melee: Club              |    76 |    44 ||   120
         Dagger            |    22 |       ||    22
         Hand axe          |    59 |    45 ||   104
  Evoke: Wand              |       |     5 ||     5
    Use: Potion            |       |     2 ||     2
   Stab: Sleeping          |     1 |       ||     1
 Armour: Leather armour    |    55 |    12 ||    67
         Chain mail        |       |    42 ||    42
  Dodge: Dodged            |    49 |    16 ||    65

Table legend: (Time is in decaauts)
 A = Elapsed time spent in this place.
 B = Non-inter-level travel time spent in this place.
 C = Inter-level travel time spent in this place.
 D = Time resting spent in this place.
 E = Time spent auto-exploring this place.
 F = Levels seen in this place.
 G = Mean time per level.
                   A        B        C        D        E       F      G
               +--------+--------+--------+--------+--------+-----+--------+
         Total |   2493 |   2374 |    119 |     90 |   1845 |   3 |  831.0 |
       Dungeon |   2493 |   2374 |    119 |     90 |   1845 |   3 |  831.0 |
               +--------+--------+--------+--------+--------+-----+--------+

Top non-repeatable levels by time:
     D:3: 978 daAuts
     D:1: 805 daAuts
     D:2: 710 daAuts
